AoeStats
← Carple

Arena

504087670Analyzed
1v1 RM · 1mo ago on Sep 3, 2026· 31m 20s· 2 players
Game mode
Random Map
Map size
Tiny (2 player)
Population
200
Speed
Normal
Resources
Standard
Victory
Conquest
Starting age
Dark Age
Ending age
Imperial Age
RankedLock teamsTeams togetherTeam positionsShared explorationLock speedFull tech treeHidden civsTurbo modeCheats
Victory
Defeat
🇧🇪 Bohemians · Belgium
1265
+15
🇨🇦 Teutons · Canada
1247
-15
Carple
10:28 Feudal Age
10:56 Double-Bit Axe
17:16 Castle Age
16:08 Stone Mining
16:27 Horse Collar
18:33 Bow Saw
18:27 Fletching
19:10 Loom
22:05 Bodkin Arrow
22:21 Forging
22:12 Scale Mail Armor
23:01 Heavy Plow
23:14 Gold Mining
25:33 Redemption
26:19 Squires
28:31 Arson
30:23 Bloodlines
Jer
10:31 Feudal Age
11:45 Loom
14:47 Castle Age
13:10 Double-Bit Axe
14:09 Horse Collar
18:32 Bow Saw
21:49 Fervor
26:54 Imperial Age
24:33 Heavy Plow
26:06 Chemistry
25:22 Town Watch
26:40 Wagenburg Tactics
27:56 Conscription
30:22 Padded Archer Armor
31:41 Leather Archer Armor
Connection lost

Rejoining the realm…

Still unreachable

The connection could not be restored.

Session expired

The server has moved on; the page needs a fresh start.